TOP OF THE 1ST |
Atlantic City War Dogs batting - Pitching for Amity Gardens Westerners : RHP Jimmy Lewis
|
Pitching: RHP Jimmy Lewis
|
|
Batting: RHB Roberto García
|
0-0: Foul Ball, location: 2F 0-1: Called Strike 0-2: Ball 1-2: Ball 2-2: Foul Ball, location: 2F 2-2: Foul Ball, location: 2F 2-2: Strikes out swinging
|
Batting: RHB Richard Bass
|
0-0: Ball 1-0: Foul Ball, location: 2F 1-1: Ball 2-1: Ball 3-1: Base on Balls
|
Batting: RHB Clifford Guzmán
|
0-0: Swinging Strike 0-1: Ball 1-1: Ball 2-1: Ball 3-1: Grounds into double play, 5-4-3 (Groundball, 56)
|
Top of the 1st over - 0 runs, 0 hits, 0 errors, 0 left on base; Atlantic City 0 - Amity Gardens 0 |
BOTTOM OF THE 1ST |
Amity Gardens Westerners batting - Pitching for Atlantic City War Dogs : RHP Juan Ramos
|
Pitching: RHP Juan Ramos
|
|
Batting: RHB Júlio Castillo
|
0-0: Ball 1-0: Ball 2-0: Called Strike 2-1: Foul Ball, location: 2F 2-2: Strikes out swinging
|
Batting: LHB Eddie Nealon
|
0-0: Called Strike 0-1: Ball 1-1: Ball 2-1: DOUBLE (Line Drive, 7LM)
|
Batting: RHB Millard Cummings
|
0-0: Called Strike 0-1: Foul Ball, location: 2F 0-2: Ball 1-2: Fly out, F7 (Line Drive, 7)
|
Batting: RHB Bill Starr
|
0-0: DOUBLE (Line Drive, 89XD) Eddie Nealon scores
|
Batting: LHB Jack Mitchell
|
0-0: Swinging Strike 0-1: Ball 1-1: Swinging Strike 1-2: Strikes out looking
|
Bottom of the 1st over - 1 run, 2 hits, 0 errors, 1 left on base; Atlantic City 0 - Amity Gardens 1 |
TOP OF THE 2ND |
Atlantic City War Dogs batting - Pitching for Amity Gardens Westerners : RHP Jimmy Lewis
|
Batting: LHB Matt Clark
|
0-0: Swinging Strike 0-1: Ball 1-1: Swinging Strike 1-2: Ball 2-2: SINGLE (Line Drive, 9S)
|
Batting: RHB David Gallardo
|
0-0: Ball 1-0: SINGLE (Line Drive, 6MD) Matt Clark to second
|
Batting: RHB Wyatt Wallace
|
0-0: Foul Ball, location: 2F 0-1: Foul Ball, location: 2F 0-2: Fly out, F9 (Flyball, 9LS)
|
Batting: RHB Jonathan Boyer
|
0-0: Ball 1-0: Called Strike 1-1: Ball 2-1: Ball 3-1: Foul Ball, location: 2F 3-2: Base on Balls Matt Clark to third David Gallardo to second
|
Batting: RHB Roberto Díaz
|
0-0: Ball 1-0: Reached on error, E5 (Groundball, 56S) Matt Clark scores David Gallardo to third Jonathan Boyer to second
|
Batting: RHB José Avilés
|
0-0: Ball 1-0: Fly out, F6 (Popup, 6)
|
Batting: RHB Roberto García
|
0-0: Foul Ball, location: 2F 0-1: Ball 1-1: Foul Ball, location: 2F 1-2: Ball 2-2: Foul Ball, location: 2F 2-2: Ball 3-2: Strikes out looking
|
Top of the 2nd over - 1 run, 2 hits, 1 error, 3 left on base; Atlantic City 1 - Amity Gardens 1 |
BOTTOM OF THE 2ND |
Amity Gardens Westerners batting - Pitching for Atlantic City War Dogs : RHP Juan Ramos
|
Batting: RHB Alfredo Medina
|
0-0: Called Strike 0-1: DOUBLE (Flyball, 89XD)
|
Batting: SHB Howard Romero
|
0-0: Ball 1-0: Foul Ball, location: 2F 1-1: Ground out U3 (Groundball, 3) Alfredo Medina to third
|
Batting: RHB José Sánchez
|
0-0: Ground out 6-3 (Groundball, 6) Alfredo Medina scores
|
Batting: RHB Jorge García
|
0-0: Called Strike 0-1: Called Strike 0-2: Ball 1-2: DOUBLE (Groundball, 5L)
|
Batting: RHB Júlio Castillo
|
0-0: Swinging Strike 0-1: Ball 1-1: Swinging Strike 1-2: Strikes out swinging
|
Bottom of the 2nd over - 1 run, 2 hits, 0 errors, 1 left on base; Atlantic City 1 - Amity Gardens 2 |
TOP OF THE 3RD |
Atlantic City War Dogs batting - Pitching for Amity Gardens Westerners : RHP Jimmy Lewis
|
Batting: RHB Richard Bass
|
0-0: Ground out 6-3 (Groundball, 6)
|
Batting: RHB Clifford Guzmán
|
0-0: Foul Ball, location: 2F 0-1: Ball 1-1: Swinging Strike 1-2: Ground out 5-3 (Groundball, 56S)
|
Batting: LHB Matt Clark
|
0-0: Foul Ball, location: 2F 0-1: Swinging Strike 0-2: Foul Ball, location: 2F 0-2: Ball 1-2: Foul Ball, location: 2F 1-2: Foul Ball, location: 2F 1-2: Ball 2-2: SINGLE (Groundball, 4D)
|
Batting: RHB David Gallardo
|
0-0: Called Strike 0-1: Foul Ball, location: 2F 0-2: SINGLE (Line Drive, 7LS) Matt Clark to second
|
Batting: RHB Wyatt Wallace
|
0-0: Called Strike 0-1: DOUBLE (Groundball, 5L) Matt Clark scores David Gallardo to third
|
Batting: RHB Jonathan Boyer
|
0-0: Ball 1-0: Called Strike 1-1: Ball 2-1: Ground out U3 (Groundball, 3L)
|
Top of the 3rd over - 1 run, 3 hits, 0 errors, 2 left on base; Atlantic City 2 - Amity Gardens 2 |
BOTTOM OF THE 3RD |
Amity Gardens Westerners batting - Pitching for Atlantic City War Dogs : RHP Juan Ramos
|
Batting: LHB Eddie Nealon
|
0-0: Foul Ball, location: 2F 0-1: SINGLE (Groundball, 34) (infield hit)
|
Batting: RHB Millard Cummings
|
0-0: Ball Eddie Nealon steals 2nd base 1-0: Ball 2-0: Ball 3-0: Called Strike 3-1: Foul Ball, location: 2F 3-2: Ground out 1-3 (Groundball, P) Eddie Nealon to third
|
Batting: RHB Bill Starr
|
0-0: Fly out, F9 (Flyball, 9) Runner from 3rd tags up, SCORES, throw made
|
Batting: LHB Jack Mitchell
|
0-0: Called Strike 0-1: Ball 1-1: Ground out 6-3 (Groundball, 6S)
|
Bottom of the 3rd over - 1 run, 1 hit, 0 errors, 0 left on base; Atlantic City 2 - Amity Gardens 3 |
TOP OF THE 4TH |
Atlantic City War Dogs batting - Pitching for Amity Gardens Westerners : RHP Jimmy Lewis
|
Batting: RHB Roberto Díaz
|
0-0: Fly out, F7 (Flyball, 7LM)
|
Batting: RHB José Avilés
|
0-0: Foul Ball, location: 2F 0-1: Ball 1-1: Called Strike 1-2: Ball 2-2: Ball 3-2: Strikes out swinging, 2-3 out at first.
|
Batting: RHB Roberto García
|
0-0: Called Strike 0-1: Ball 1-1: SINGLE (Groundball, 56) (infield hit)
|
Batting: RHB Richard Bass
|
0-0: Called Strike 0-1: SINGLE (Line Drive, 56D) Roberto García to second
|
Batting: RHB Clifford Guzmán
|
0-0: Foul Ball, location: 2F 0-1: Ball 1-1: Fly out, F7 (Flyball, 7S)
|
Top of the 4th over - 0 runs, 2 hits, 0 errors, 2 left on base; Atlantic City 2 - Amity Gardens 3 |
BOTTOM OF THE 4TH |
Amity Gardens Westerners batting - Pitching for Atlantic City War Dogs : RHP Juan Ramos
|
Batting: RHB Alfredo Medina
|
0-0: Ball 1-0: Ball 2-0: Ball 3-0: Called Strike 3-1: Base on Balls
|
Batting: SHB Howard Romero
|
0-0: Hit by Pitch Alfredo Medina to second
|
Batting: RHB José Sánchez
|
0-0: Called Strike 0-1: Grounds into double play, 4-6-3 (Groundball, 4D) Alfredo Medina to third
|
Batting: RHB Jorge García
|
0-0: Called Strike 0-1: Foul Ball, location: 2F 0-2: Foul Ball, location: 2F 0-2: Fly out, F7 (Flyball, 78D)
|
Bottom of the 4th over - 0 runs, 0 hits, 0 errors, 1 left on base; Atlantic City 2 - Amity Gardens 3 |
TOP OF THE 5TH |
Atlantic City War Dogs batting - Pitching for Amity Gardens Westerners : RHP Jimmy Lewis
|
Batting: LHB Matt Clark
|
0-0: Ball 1-0: Called Strike 1-1: Ground out 3-1 (Groundball, 34S)
|
Batting: RHB David Gallardo
|
0-0: Called Strike 0-1: Ball 1-1: Called Strike 1-2: Strikes out swinging
|
Batting: RHB Wyatt Wallace
|
0-0: Ball 1-0: Fly out, F5 (Popup, 5SF)
|
Top of the 5th over - 0 runs, 0 hits, 0 errors, 0 left on base; Atlantic City 2 - Amity Gardens 3 |
BOTTOM OF THE 5TH |
Amity Gardens Westerners batting - Pitching for Atlantic City War Dogs : RHP Juan Ramos
|
Batting: RHB Júlio Castillo
|
0-0: Foul Ball, location: 2F 0-1: Ball 1-1: Ball 2-1: Foul Ball, location: 2F 2-2: Foul Ball, location: 2F 2-2: Ball 3-2: Base on Balls
|
Batting: LHB Eddie Nealon
|
0-0: Ball 1-0: Called Strike 1-1: Ball 2-1: Ball 3-1: Foul Ball, location: 2F 3-2: Strikes out swinging
|
Batting: RHB Millard Cummings
|
0-0: Ball 1-0: Foul Ball, location: 2F 1-1: Ball 2-1: Ball 3-1: Swinging Strike 3-2: SINGLE (Line Drive, 5) Júlio Castillo to second Júlio Castillo to third
|
Batting: RHB Bill Starr
|
0-0: Ball 1-0: Called Strike 1-1: Called Strike 1-2: Foul Ball, location: 2F 1-2: Ball 2-2: Ball 3-2: Foul Ball, location: 2F 3-2: 3-RUN HOME RUN (Flyball, 78XD), Distance : 431 ft
|
Batting: LHB Jack Mitchell
|
0-0: Foul Ball, location: 2F 0-1: Foul Ball, location: 2F 0-2: Ball 1-2: Ball 2-2: Foul Ball, location: 2F 2-2: Ball 3-2: Fly out, F9 (Flyball, 9S)
|
Batting: RHB Alfredo Medina
|
0-0: Foul Ball, location: 2F 0-1: Fly out, F9 (Flyball, 89D)
|
Bottom of the 5th over - 3 runs, 2 hits, 0 errors, 0 left on base; Atlantic City 2 - Amity Gardens 6 |
TOP OF THE 6TH |
Atlantic City War Dogs batting - Pitching for Amity Gardens Westerners : RHP Jimmy Lewis
|
Batting: RHB Jonathan Boyer
|
0-0: Ball 1-0: Ground out 3-1 (Groundball, 34S)
|
Batting: RHB Roberto Díaz
|
0-0: Called Strike 0-1: Ball 1-1: Swinging Strike 1-2: Strikes out swinging
|
Batting: RHB José Avilés
|
0-0: Ball 1-0: Swinging Strike 1-1: Fly out, F8 (Line Drive, 89M)
|
Top of the 6th over - 0 runs, 0 hits, 0 errors, 0 left on base; Atlantic City 2 - Amity Gardens 6 |
BOTTOM OF THE 6TH |
Amity Gardens Westerners batting - Pitching for Atlantic City War Dogs : RHP Juan Ramos
|
Pitching: LHP Felipe Medrano
|
|
Batting: SHB Howard Romero
|
0-0: Ground out 6-3 (Groundball, 6M)
|
Batting: RHB José Sánchez
|
0-0: Swinging Strike 0-1: Ball 1-1: Foul Ball, location: 2F 1-2: Strikes out swinging
|
Batting: RHB Jorge García
|
0-0: SINGLE (Groundball, 3D)
|
Batting: RHB Júlio Castillo
|
0-0: Called Strike 0-1: Ball 1-1: Ball 2-1: Called Strike 2-2: Strikes out looking
|
Bottom of the 6th over - 0 runs, 1 hit, 0 errors, 1 left on base; Atlantic City 2 - Amity Gardens 6 |
TOP OF THE 7TH |
Atlantic City War Dogs batting - Pitching for Amity Gardens Westerners : RHP Jimmy Lewis
|
Batting: RHB Roberto García
|
0-0: Ball 1-0: Ball 2-0: Reached on error, E8 (Flyball, 8RXD)
|
Batting: RHB Richard Bass
|
0-0: Ball 1-0: Fly out, F8 (Flyball, 8LM)
|
Batting: RHB Clifford Guzmán
|
0-0: Ball 1-0: SINGLE (Flyball, 9LM) Roberto García to second Runner from 2nd tries for 3rd, SAFE, no throw
|
Batting: LHB Matt Clark
|
0-0: Called Strike 0-1: Fly out, F7 (Line Drive, 7) Runner from 3rd tags up, SCORES, throw made
|
Batting: RHB David Gallardo
|
0-0: Swinging Strike 0-1: Ball 1-1: Fly out, F8 (Flyball, 89D)
|
Top of the 7th over - 1 run, 1 hit, 1 error, 1 left on base; Atlantic City 3 - Amity Gardens 6 |
BOTTOM OF THE 7TH |
Amity Gardens Westerners batting - Pitching for Atlantic City War Dogs : LHP Felipe Medrano
|
Batting: LHB Eddie Nealon
|
0-0: Called Strike 0-1: Called Strike 0-2: Ball 1-2: Ball 2-2: Strikes out swinging
|
Batting: RHB Millard Cummings
|
0-0: Called Strike 0-1: Fly out, F7 (Flyball, 7S)
|
Batting: RHB Bill Starr
|
0-0: Called Strike 0-1: Ball 1-1: SINGLE (Groundball, 6MD)
|
Batting: LHB Jack Mitchell
|
0-0: Foul Ball, location: 2F 0-1: DOUBLE (Flyball, 89D) Bill Starr to third
|
Batting: RHB Alfredo Medina
|
0-0: Called Strike 0-1: Foul Ball, location: 2F 0-2: Ball 1-2: Strikes out swinging
|
Bottom of the 7th over - 0 runs, 2 hits, 0 errors, 2 left on base; Atlantic City 3 - Amity Gardens 6 |
TOP OF THE 8TH |
Atlantic City War Dogs batting - Pitching for Amity Gardens Westerners : RHP Jimmy Lewis
|
Pitching: LHP José Ortíz
|
|
Now at 3B: Jim den Braber
|
|
Now in LF: Manny Olhoa
|
|
Batting: RHB Wyatt Wallace
|
0-0: Ball 1-0: Swinging Strike 1-1: Foul Ball, location: 2F 1-2: Ball 2-2: Strikes out looking
|
Batting: RHB Jonathan Boyer
|
0-0: Ball 1-0: Called Strike 1-1: Foul Ball, location: 2F 1-2: Strikes out swinging
|
Batting: RHB Roberto Díaz
|
0-0: Foul Ball, location: 2F 0-1: Ball 1-1: Ball 2-1: Foul Ball, location: 2F 2-2: Ball 3-2: Strikes out looking
|
Top of the 8th over - 0 runs, 0 hits, 0 errors, 0 left on base; Atlantic City 3 - Amity Gardens 6 |
BOTTOM OF THE 8TH |
Amity Gardens Westerners batting - Pitching for Atlantic City War Dogs : LHP Felipe Medrano
|
Batting: SHB Howard Romero
|
0-0: Called Strike 0-1: Ball 1-1: Foul Ball, location: 2F 1-2: Ground out 6-3 (Groundball, 6)
|
Batting: RHB José Sánchez
|
0-0: Ball 1-0: Called Strike 1-1: Foul Ball, location: 2F 1-2: Strikes out swinging
|
Batting: RHB Jorge García
|
0-0: Foul Ball, location: 2F 0-1: Foul Ball, location: 2F 0-2: Ball 1-2: Foul Ball, location: 2F 1-2: Strikes out swinging
|
Bottom of the 8th over - 0 runs, 0 hits, 0 errors, 0 left on base; Atlantic City 3 - Amity Gardens 6 |
TOP OF THE 9TH |
Atlantic City War Dogs batting - Pitching for Amity Gardens Westerners : LHP José Ortíz
|
Batting: RHB José Avilés
|
0-0: Ball 1-0: Ball 2-0: Ball 3-0: Called Strike 3-1: Foul Ball, location: 2F 3-2: Strikes out swinging
|
Batting: RHB Roberto García
|
0-0: Ball 1-0: Swinging Strike 1-1: Foul Ball, location: 2F 1-2: Ground out 1-3 (Groundball, P)
|
Batting: RHB Richard Bass
|
0-0: Fly out, F8 (Flyball, 8LS)
|
Top of the 9th over - 0 runs, 0 hits, 0 errors, 0 left on base; Atlantic City 3 - Amity Gardens 6 |
|